 Dungeon Crawl Stone Soup version 0.31-a0-705-ga145531891 (webtiles) character file.

Game seed: 10871757394410832193

489 mdonais the Trooper (level 7, -8/49 HPs)
             Began as an Octopode Hexslinger on Sept 9, 2023.
             Mangled by an orc wizard
             ... wielding a +1 dagger of electrocution
              (14 damage)
             ... on level 4 of the Dungeon.
             The game lasted 00:24:40 (4154 turns).

mdonais the Trooper (Octopode Hexslinger)           Turns: 4154, Time: 00:24:41

Health: -8/49      AC:  1    Str:  7    XL:     7   Next: 14%
Magic:  8/8        EV: 14    Int: 21    God:
Gold:   36         SH:  0    Dex: 17    Spells: 3/8 levels left

rFire   . . .        b - +3 falchion
rCold   . . .        (no shield)
rNeg    + . .        (helmet restricted)
rPois   .            (no amulet)
rElec   .            c - ring of positive energy
rCorr   +            g - ring of resist corrosion
SInv    .            n - +6 ring of intelligence
Will    .....        (no ring)
Stlth   ++++         (no ring)
HPRegen 0.28/turn    (no ring)
MPRegen 0.11/turn    (no ring)
                     (no ring)

%: no passive effects
@: weak-willed
A: almost no armour, amphibious, 8 rings, camouflage 1, gelatinous body 1,
(nimble swimmer 1), tentacles
a: no special abilities


You were on level 4 of the Dungeon.
You visited 1 branch of the dungeon, and saw 4 of its levels.
You also visited: Ossuary.

You collected 186 gold pieces.
You spent 150 gold pieces at shops.

Inventory:

Hand Weapons
 a - a +1 sling
 b - a +3 falchion (weapon)
   (You took it off a wight on level 4 of the Dungeon)
 m - a +0 dagger
   (You found it on level 1 of the Dungeon)
Missiles
 f - 3 poisoned darts
 t - 3 boomerangs
Jewellery
 c - a ring of positive energy (left tentacle)
   (You found it on level 1 of the Dungeon)
 g - a ring of resist corrosion (right tentacle)
   (You found it on level 1 of the Dungeon)
 n - a +6 ring of intelligence (on tentacle)
   (You found it on level 1 of the Dungeon)
Scrolls
 d - a scroll of revelation
 i - 3 scrolls of poison
 j - a scroll of vulnerability
 k - a scroll of fear
 l - 2 scrolls of teleportation {unknown}
 s - a scroll of amnesia {unknown}
 R - 4 scrolls of identify
Potions
 e - a potion of might {unknown}
 h - 4 potions of curing {unknown}
 o - 2 potions of mutation
 p - a potion of attraction {unknown}
 q - a potion of lignification {unknown}
 r - a potion of heal wounds
 H - 2 potions of haste


   Skills:
 + Level 4.6 Fighting
 + Level 4.5 Ranged Weapons
 + Level 2.9 Dodging
 - Level 4.0 Stealth
 - Level 1.0 Spellcasting
 - Level 3.0 Hexes
 - Level 1.0 Fire Magic


You had 3 spell levels left.
You knew the following spells:

 Your Spells              Type           Power      Damage    Failure   Level
a - Jinxbite              Hex            26%        N/A       7%          2
b - Sigil of Binding      Hex            13%        N/A       14%         3

Your spell library contained the following spells:

 Spells                   Type           Power      Damage    Failure   Level
 Inner Flame              Hex/Fire       9%         N/A       22%         3
 Stone Arrow              Conj/Erth      2%         3d7       43%         3
 Cause Fear               Hex            6%         N/A       43%         4
 Dimensional Bullseye     Hex/Tloc       3%         N/A       65%         4
 Lehudib's Crystal Spear  Conj/Erth      0%         10d2      100%        8
 Animate Armour           Summ/Erth      Unusable   N/A       N/A         4

Dungeon Overview and Level Annotations

Branches:
Dungeon (4/15) Zot: 21098  Temple (0/1) D:4         Ossuary (visited)

Altars:
Fedhas
Ru

Shops:
D:4 !

Portals:
Abyss: D:3

Annotations:
D:3 2 transporters, blessed's ghost, weakling FeSh


Innate Abilities, Weirdness & Mutations

You cannot wear most types of armour.
You are amphibious.
You can wear up to eight rings at the same time.
Your skin changes colour to match your surroundings (Stealth+).
Your rubbery body absorbs attacks. (AC +1, EV +1)
((You are camouflaged when in or above water. (Stealth+)))
You have tentacles for arms and can constrict up to eight enemies at once.


Message History

The jinxing sprites lose interest in you.
You constrict the wight, but do no damage.
The wight seems less drained.
The wight hits you with a +2 battleaxe! You partially resist.
You feel drained.
You take 21 damage, and have 22/41 hp.
MASSIVE DAMAGE!!
You hit the wight but do no damage.
The wight is heavily damaged.
You constrict the wight. The wight misses you.
The wight hits you with a +2 battleaxe.
You take 4 damage, and have 18/41 hp.
Casting: Jinxbite (safe; 7% risk of failure)
Confirm with . or Enter, or press ? or * to list all spells.
You beckon some vexing sprites to accompany your attacks.
You feel your willpower being sapped.
You constrict the wight, but do no damage.
The wight completely misses you.
You now have 4/7 mp.
You are too injured to fight recklessly!
You slash the wight!
You destroy the wight!
Your life force feels restored.
You have reached level 7!
You regained 3 hp, and now have 22/49 hp.
The sprites lose interest in your situation.
You see here a quokka corpse.
There is a stone staircase leading down here.
You feel your willpower return.
You see here a quokka skeleton.
You open the door.
There is an open door here.
Health restored: 49; MP restored: 8
a - a +1 sling (weapon)
Casting: Jinxbite (safe; 7% risk of failure)
Confirm with . or Enter, or press ? or * to list all spells.
You beckon some vexing sprites to accompany your attacks.
You feel your willpower being sapped.
The orc priest shouts!
You now have 6/8 mp.
You shoot a sling bullet.
The sling bullet hits the orc priest but does no damage.
No target in view!
No target in view!
An orc priest is nearby!
You shoot a sling bullet. The sling bullet hits the orc priest.
The orc priest is moderately wounded.
No target in view!
The sprites lose interest in your situation.
Casting: Jinxbite (safe; 7% risk of failure)
Confirm with . or Enter, or press ? or * to list all spells.
You beckon some vexing sprites to accompany your attacks.
You feel your willpower being sapped.
You now have 4/8 mp.
You shoot a sling bullet. The sling bullet hits the orc priest.
The orc priest is severely wounded.
You shoot a sling bullet.
The sling bullet hits the orc priest but does no damage.
The orc priest is severely wounded.
b - a +3 falchion (weapon)
The orc priest hits you with a +0 club.
You take 4 damage, and have 45/49 hp.
You hit the orc priest. You grab the orc priest.
The orc priest is almost dead.
A giggling sprite leaps out and makes the orc priest trip over its own feet.
You kill the orc priest!
No target in view!
a - a +1 sling (weapon)
The sprites lose interest in your situation.
Things that are here:
a +0 club; a +0 ring mail; an orc corpse
Things that are here:
a +2 battleaxe; a +0 robe Health restored: 49; MP restored: 8
t - 3 boomerangs
Things that are here:
a +0 hand axe; a +0 ring mail; an orc skeleton An ufetubus and 2 orcs come into view.
Casting: Jinxbite (safe; 7% risk of failure)
Confirm with . or Enter, or press ? or * to list all spells.
You beckon some vexing sprites to accompany your attacks.
You feel your willpower being sapped.
You now have 6/8 mp.
You shoot a sling bullet. The sling bullet hits the orc!
You kill the orc!
You shoot a sling bullet. The sling bullet hits the ufetubus.
The ufetubus is almost dead.
A giggling sprite leaps out and doodles on the ufetubus's face.
You kill the ufetubus!
No target in view!
The sprites lose interest in your situation.
The orc shouts!
You hear a shout!
An orc wizard comes into view.
It is wielding a +1 dagger of electrocution.
An orc comes into view. It is wielding a +0 short sword.
MP restored: 8 You shoot a sling bullet.
The orc shouts!
The sling bullet hits the orc.
The orc is severely wounded.
Casting: Jinxbite (safe; 7% risk of failure)
Confirm with . or Enter, or press ? or * to list all spells.
You beckon some vexing sprites to accompany your attacks.
You feel your willpower being sapped.
An orc comes into view. It is wielding a +0 dagger.
You now have 6/8 mp.
You shoot a sling bullet.
The sling bullet closely misses the orc. x2
The sling bullet hits the orc wizard.
The orc wizard is moderately wounded.
A giggling sprite leaps out and bonks the orc with its +0 short sword.
The orc is severely wounded.
You shoot a sling bullet. The sling bullet hits the orc.
You kill the orc!
You shoot a sling bullet. The sling bullet hits the orc.
You kill the orc!
The orc wizard gestures wildly while chanting.
The orc wizard flickers and vanishes!
Deactivating autopickup; reactivate with Ctrl-A.
You shoot a sling bullet. The sling bullet hits the orc.
The orc is moderately wounded.
A giggling sprite leaps out and doodles on the orc's face.
The orc is heavily wounded.
You shoot a sling bullet. The sling bullet hits the orc.
You kill the orc!
A magic dart appears from out of thin air!
The magic dart hits you!
You take 8 damage, and have 41/49 hp.
The sprites lose interest in your situation.
A puff of flame appears from out of thin air!
The puff of flame hits you!
You take 7 damage, and have 35/49 hp.
Things that are here:
a +2 battleaxe; a +0 robe
There is an open door here.
You are confused.
There is an open door here.
MP restored: 8 You bump into the rock wall.
You see here a quokka skeleton.
You bump into the rock wall.
You feel less confused.
b - a +3 falchion (weapon)
Something hits you.
You see here a quokka skeleton.
You take 5 damage, and have 33/49 hp.
You closely miss something. Something hits you.
You are electrocuted!!
* * * LOW HITPOINT WARNING * * *
Something hits you.
* * * LOW HITPOINT WARNING * * *
You are electrocuted!
You die...

,,* #.................#.......###
,,* #...........[.....#####......
*** #............................
** #...........))...###....#....
,***#................##..........
,,,,#.(...)...#####.##...#.#.....
,,,,#....)..)..# #.....####..#..
,,,,#..>.....#'######'###....'##.
,,,,#####..)...{@.#....##...##.##
,,,,* #.......#......##..##...#
,,,,* #.......#.>#...##...##.##
,,,,* #.......##.#...##.#..###.
,,,,* #.......##.######.##..#..
***** ##########.# ###.##....#
#.........# #......####
#.######### #.≈~~..# #.#....#
##.~∩≈..####


There were no monsters in sight!

Vanquished Creatures
  Menkaure (Ossuary)
  3 wights (D:4)
  An orc priest (D:4)
  An iguana (D:2)
  3 mummies (Ossuary)
  An ufetubus (D:4)
  A worm (D:2)
  3 dart slugs
  8 orcs
  7 ball pythons
  5 endoplasms
  6 giant cockroaches
  4 gnoll zombies (Ossuary)
  2 goblins (D:2)
  5 hobgoblins
  3 kobolds
  7 quokkas
  6 bats
  4 frilled lizards
  5 gnoll skeletons (Ossuary)
  6 goblin skeletons (Ossuary)
  4 goblin zombies (Ossuary)
  3 hobgoblin skeletons (Ossuary)
  6 hobgoblin zombies (Ossuary)
  4 kobold skeletons (Ossuary)
  2 kobold zombies (Ossuary)
  5 orc skeletons (Ossuary)
  7 orc zombies (Ossuary)
  3 rats
  2 rat skeletons (Ossuary)
  2 rat zombies (Ossuary)
120 creatures vanquished.

Notes
Turn   | Place    | Note
-------+----------+-------------------------------------------
     0 | D:1      | mdonais the Octopode Hexslinger began the quest for the
                  | Orb.
     0 | D:1      | Reached XP level 1. HP: 13/13 MP: 2/2
   317 | D:1      | Reached XP level 2. HP: 18/18 MP: 3/3
   368 | D:1      | Learned a level 2 spell: Jinxbite
   833 | D:2      | Found a blossoming altar of Fedhas.
   838 | D:2      | Reached XP level 3. HP: 24/24 MP: 4/4
  1047 | D:2      | Reached XP level 4. HP: 30/30 MP: 5/5
  1748 | D:3      | Found a transporter.
  1829 | D:3      | Found a one-way gate to the infinite horrors of the Abyss.
  1829 | D:3      | Noticed blessed's ghost (weakling FeSh)
  1848 | D:3      | Found a transporter.
  2090 | D:3      | Found a sacrificial altar of Ru.
  2317 | D:4      | Found Gaihafu's Distillery.
  2328 | D:4      | Bought a potion of haste for 100 gold pieces
  2328 | D:4      | Bought a potion of heal wounds for 50 gold pieces
  2340 | D:4      | Found a sand-covered staircase.
  2344 | Ossuary  | Entered an ossuary
  2925 | Ossuary  | Reached XP level 5. HP: 36/36 MP: 3/6
  3353 | Ossuary  | Learned a level 3 spell: Sigil of Binding
  3492 | Ossuary  | Noticed Menkaure
  3505 | Ossuary  | Killed Menkaure
  3506 | Ossuary  | Reached XP level 6. HP: 29/43 MP: 3/7
  3944 | D:4      | Reached XP level 7. HP: 22/49 MP: 4/8
  4154 | D:4      | Mangled by an orc wizard

Illustrated notes

Levels and vault maps discovered:
D:1:      tarquinn_simple_flora_water_b, layout_rooms, minivault_4,
          chequers_serial_rivers_micro_c, minmay_tetromino_o4
D:2:      layout_basic, basic_altar
D:3:      layout_basic, nicolae_ru_the_path_less_chosen, serial_forest,
          infiniplex_forest_diagonal, infiniplex_forest_clump_curved,
          infiniplex_forest_corner_1, infiniplex_forest_clump_double,
          infiniplex_forest_lined_corner, infiniplex_forest_clump_small,
          infiniplex_forest_lined_2, gammafunk_ghost_abyssal_escape
D:4:      layout_basic, led_sif_pool, minmay_temple_entry_tees, serial_shops,
          nicolae_shop_industrial_runoff, enter_ossuary_5

Skill      XL: |  1  2  3  4  5 |
---------------+----------------+-----
Fighting       | 2 3 4 |  4.6
Ranged Weapons | 3 4 |  4.5
Stealth        | 4 |  4.0
Dodging        | |  2.9
Spellcasting   | |  1.0
Hexes          | |  3.0
Fire Magic     | |  1.0

Action                     |  1- 3 |  4- 6 |  7- 9 || total
---------------------------+-------+-------+-------++-------
  Melee: Unarmed           |     5 |       |       ||     5
         Constrict         |     4 |     6 |     1 ||    11
         Short sword       |    15 |    18 |       ||    33
         Tentacles         |     3 |     7 |       ||    10
         Punch             |     1 |     1 |       ||     2
         Falchion          |       |     5 |     2 ||     7
   Fire: Sling             |    65 |   261 |    12 ||   338
   Cast: Jinxbite          |       |    29 |     4 ||    33
    Use: Scroll            |       |     4 |       ||     4
         Potion            |       |     1 |       ||     1
   Stab: Sleeping          |       |     1 |       ||     1
 Armour: Skin              |    14 |    16 |     6 ||    36
  Dodge: Dodged            |    25 |    32 |       ||    57

Table legend: (Time is in decaauts)
 A = Elapsed time spent in this place.
 B = Non-inter-level travel time spent in this place.
 C = Inter-level travel time spent in this place.
 D = Time resting spent in this place.
 E = Time spent auto-exploring this place.
 F = Levels seen in this place.
 G = Mean time per level.
                   A        B        C        D        E       F      G
               +--------+--------+--------+--------+--------+-----+--------+
         Total |   4215 |   3988 |    227 |     15 |   2911 |   5 |  843.0 |
       Dungeon |   2900 |   2673 |    227 |     12 |   2091 |   4 |  725.0 |
       Ossuary |   1315 |   1315 |      0 |      3 |    820 |   1 | 1315.0 |
               +--------+--------+--------+--------+--------+-----+--------+

Top non-repeatable levels by time:
 Ossuary: 1315 daAuts
     D:2: 1037 daAuts
     D:3: 762 daAuts
     D:4: 570 daAuts
     D:1: 530 daAuts
